AoeStats
← _The_Lion

Black Forest

509529819Analyzed
4v4 RM · 6d ago on Sep 27, 2026· 54m 57s· 8 players
Game mode
Random Map
Map size
Large (8 player)
Population
200
Speed
Normal
Resources
Standard
Victory
Conquest
Starting age
Dark Age
Ending age
Imperial Age
RankedLock teamsTeams togetherTeam positionsShared explorationLock speedFull tech treeHidden civsTurbo modeCheats
Victory
Defeat
🇺🇸 Persians · United States
1538
+14
🇨🇦 Slavs · Canada
1504
+15
🇺🇾 Bohemians · Uruguay
1466
+17
🇨🇦 Ethiopians · Canada
1420
+18
🇹🇼 Danes · Taiwan
1523
-18
1491
-16
🇨🇳 Varangians · China
1487
-16
🇭🇰 Saxons · Hong Kong SAR China
1442
-14
迷路将军
10:33 Feudal Age
12:36 Man-at-Arms
13:44 Horse Collar
21:34 Castle Age
19:22 Double-Bit Axe
19:57 Gold Mining
21:36 Stone Mining
21:55 Scale Mail Armor
22:05 Forging
24:05 Bow Saw
25:57 Wheelbarrow
25:27 Heavy Plow
27:18 Stone Shaft Mining
31:52 Imperial Age
29:40 Hand Cart
28:53 Pikeman
29:35 Squires
29:21 Arson
30:36 Chain Mail Armor
30:56 Iron Casting
30:21 Gambesons
31:01 Scale Barding Armor
31:25 Town Watch
31:25 Loom
31:55 Elite Varangian Guard
33:12 Plate Mail Armor
33:44 Blast Furnace
33:48 Chemistry
34:06 Two-Man Saw
33:05 Gothikon
34:03 Treadmill Crane
34:02 Elite Jarl
34:25 Halberdier
37:03 Conscription
39:07 Caravan
39:37 Coinage
44:12 Scale Barding Armor
44:20 Vendel Legacy
45:28 Bloodlines
46:14 Husbandry
45:35 Light Cavalry
47:04 Hussar
kinwaleung18
0:44 Loom
9:55 Feudal Age
17:01 Fletching
17:32 Double-Bit Axe
20:37 Horse Collar
22:12 Fishing Lines
29:28 Castle Age
29:46 Gold Mining
30:59 Bow Saw
30:58 Gillnets
35:26 Imperial Age
33:50 Gold Shaft Mining
33:32 Bodkin Arrow
34:18 Wheelbarrow
33:14 Clerical Recruitment
34:27 Sanctity
36:27 Block Printing
36:39 Illumination
37:01 Redemption
37:44 Theocracy
42:08 Bracer
42:08 Padded Archer Armor
43:26 Chemistry
42:47 Ballistics
43:00 Elite Skirmisher
43:45 Thumb Ring
45:35 Two-Man Saw
45:49 Leather Archer Armor
46:33 Hand Cart
46:04 Town Watch
48:34 Heavy Mounted Crossbowman
48:34 Cranequins
50:04 Treadmill Crane
50:53 Leather Archer Armor
51:13 Caravan
51:42 Stone Mining
52:07 Heavy Plow
thetoastaoe
4:39 Loom
11:32 Feudal Age
16:47 Castle Age
14:37 Double-Bit Axe
18:01 Bow Saw
17:40 Fishing Lines
20:55 Wheelbarrow
20:06 Town Watch
21:17 Gillnets
26:04 Hand Cart
26:38 Gold Mining
27:25 Stone Mining
28:12 Gold Shaft Mining
31:22 Imperial Age
30:17 Ballistics
30:08 Masonry
31:17 Stone Shaft Mining
30:12 Pikeman
30:53 Squires
31:32 Scale Mail Armor
31:43 Forging
31:23 Fletching
31:29 Onager
31:31 Halberdier
33:34 Chemistry
32:40 Siege Engineers
32:55 Chain Mail Armor
33:34 Caravan
34:05 Coinage
33:12 Siege Onager
35:27 Plate Mail Armor
35:32 Iron Casting
34:53 Bodkin Arrow
34:47 Northmen's Fury
36:33 Arson
37:18 Conscription
37:34 Hoardings
37:49 Banking
37:33 Elite Varangian Guard
38:17 Gambesons
39:56 Bracer
40:56 Blast Furnace
45:42 Hamask
[CL] ßitokø × 1876
0:33 Loom
10:32 Feudal Age
11:03 Double-Bit Axe
16:51 Fishing Lines
20:31 Castle Age
21:09 Gillnets
21:57 Wheelbarrow
22:07 Fervor
26:25 Imperial Age
25:39 Chemistry
25:37 Hand Cart
28:05 Scale Mail Armor
28:15 Forging
27:31 Pikeman
28:12 Squires
27:57 Arson
28:25 Bow Saw
27:56 Horse Collar
28:31 Masonry
29:11 Chain Mail Armor
28:40 Halberdier
30:29 Siege Engineers
31:16 Houfnice
34:00 Two-Man Saw
33:01 Heavy Plow
36:19 Man-at-Arms
37:48 Conscription
38:48 Plate Mail Armor
40:43 Architecture
41:16 Caravan
52:49 Iron Casting
[VL] Rio_BlancoVER
11:41 Feudal Age
12:33 Double-Bit Axe
12:33 Loom
16:19 Castle Age
15:03 Scale Barding Armor
15:05 Fishing Lines
18:14 Bloodlines
21:16 Wheelbarrow
22:40 Town Watch
23:13 Bow Saw
23:34 Gold Mining
23:35 Stone Mining
26:08 Gillnets
31:13 Imperial Age
29:44 Chain Barding Armor
29:35 Forging
29:47 Horse Collar
30:44 Stone Shaft Mining
30:45 Gold Shaft Mining
31:26 Caravan
31:56 Coinage
32:09 Guilds
32:28 Hand Cart
32:49 Plate Barding Armor
31:37 Cavalier
32:17 Husbandry
33:04 Conscription
33:29 Banking
33:53 Iron Casting
33:54 Savar
37:34 Chemistry
37:51 Blast Furnace
38:59 Light Cavalry
41:00 Two-Man Saw
39:44 Hussar
40:47 Fletching
41:39 Heavy Plow
42:55 Two-Man Saw
_The_Lion
0:50 Loom
10:43 Feudal Age
15:09 Castle Age
13:37 Double-Bit Axe
17:53 Bow Saw
19:55 Fishing Lines
24:00 Town Watch
25:48 Wheelbarrow
25:06 Gold Mining
25:08 Stone Mining
27:50 Gold Shaft Mining
27:51 Stone Shaft Mining
27:35 Hand Cart
27:54 Fortified Wall
30:42 Imperial Age
30:48 Fletching
30:58 Padded Archer Armor
32:27 Chemistry
31:48 Ballistics
30:51 Crossbowman
31:38 Thumb Ring
31:33 Bodkin Arrow
31:33 Arbalester
32:57 Bracer
33:15 Leather Archer Armor
35:31 Siege Engineers
36:05 Torsion Engines
40:11 Elite Skirmisher
46:11 Caravan
48:23 Capped Ram
T1m
11:14 Feudal Age
15:01 Castle Age
13:37 Fishing Lines
13:54 Double-Bit Axe
17:48 Gillnets
18:12 Bow Saw
28:48 Imperial Age
27:31 Wheelbarrow
26:47 Gold Mining
27:42 Forging
27:36 Stone Mining
27:49 Detinets
28:59 Gold Shaft Mining
28:28 Loom
28:58 Hand Cart
28:29 Town Watch
28:10 Man-at-Arms
28:51 Squires
28:52 Scale Mail Armor
29:28 Iron Casting
28:57 Horse Collar
30:40 Two-Man Saw
29:41 Heavy Plow
29:27 Long Swordsman
30:23 Chain Mail Armor
30:52 Conscription
30:09 Two-Handed Swordsman
31:57 Blast Furnace
31:58 Crop Rotation
31:40 Champion
32:52 Plate Mail Armor
32:28 Scale Barding Armor
32:56 Caravan
34:27 Coinage
37:39 Hoardings
37:17 Masonry
37:39 Druzhina
37:54 Bloodlines
42:26 Husbandry
43:25 Elite Boyar
44:28 Chain Barding Armor
45:46 Hoardings
45:47 Plate Barding Armor
46:05 Banking
45:49 Masonry
46:40 Chemistry
46:00 Ballistics
53:23 Fletching
53:30 Murder Holes
54:15 Bodkin Arrow
Peruano de élite
0:47 Loom
11:22 Feudal Age
17:15 Double-Bit Axe
19:03 Fletching
25:26 Castle Age
24:00 Horse Collar
24:13 Town Watch
27:04 Bow Saw
32:45 Wheelbarrow
33:46 Chemistry
33:44 Padded Archer Armor
41:41 Imperial Age
39:41 Leather Archer Armor
39:41 Bodkin Arrow
40:08 Ballistics
39:55 Wagenburg Tactics
44:03 Ring Archer Armor
44:08 Bracer
44:21 Masonry
45:55 Architecture
45:46 Hand Cart
47:12 Houfnice
47:42 Elite Skirmisher
50:01 Conscription
49:49 Siege Engineers
49:57 Caravan
Connection lost

Rejoining the realm…

Still unreachable

The connection could not be restored.

Session expired

The server has moved on; the page needs a fresh start.